 Dungeon Crawl Stone Soup version 0.22-a0-425-g89d60a1 (webtiles) character file.

27 suvakkihuora the Ducker (level 2, 0/16 HPs)
             Began as a Spriggan Berserker on May 24, 2018.
             Killed by the fiery rage of Trog (16 damage)
             ... on level 1 of the Dungeon.
             The game lasted 00:01:41 (910 turns).

suvakkihuora the Ducker (Spriggan Berserker)         Turns: 910, Time: 00:01:42

Health: 0/16       AC:  2    Str: 13    XL:     2   Next: 93%
Magic:  3/3        EV: 20    Int:  8    God:
Gold:   49         SH:  0    Dex: 15    Spells: 1/1 levels left

rFire    . . .     SeeInvis +   a - +0 short sword
rCold    . . .     Gourm    .   (shield restricted)
rNeg     . . .     Faith    .   b - +0 animal skin
rPois    +         Spirit   .   (helmet restricted)
rElec    .         Reflect  .   (no cloak)
rCorr    .         Harm     .   (gloves unavailable)
MR       .....                  (boots unavailable)
Stlth    +.........             (no amulet)
HPRegen  0.05/turn              j - ring of poison resistance
MPRegen  0.08/turn              (no ring)

@: very quick
A: very small, unfitting armour, see invisible, herbivore, speed 3, slow
metabolism 2
a: no special abilities


You were on level 1 of the Dungeon.
You were not hungry.

You visited 1 branch of the dungeon, and saw 1 of its levels.

You collected 49 gold pieces.

Inventory:

Hand Weapons
 a - a +0 short sword (weapon)
Armour
 b - a +0 animal skin (worn)
Jewellery
 j - a ring of poison resistance (left hand)
Scrolls
 e - 2 scrolls of teleportation
 h - 2 scrolls of remove curse
 i - a scroll of amnesia
Potions
 f - 2 potions of brilliance {unknown}
Comestibles
 c - a ration


   Skills:
 * Level 2.7 Fighting
 * Level 3.8 Short Blades
 * Level 5.0 Dodging


You had one spell level left.
You didn't know any spells.
Your spell library was empty.

Dungeon Overview and Level Annotations

Branches:
Dungeon (1/15)

Altars:


Innate Abilities, Weirdness & Mutations

You are very small and have problems with some larger weapons.
You are too small for most types of armour.
You have supernaturally acute eyesight. (SInv)
You are a herbivore.
You cover ground extremely quickly.
You need to consume almost no food.


Message History

You see here a scroll of remove curse.
The bat closely misses you. The bat hits you but does no damage.
You hit the bat.
You kill the bat!
No target in view!
No target in view!
No target in view!
h - 2 scrolls of remove curse (gained 1)
A frilled lizard comes into view.
The frilled lizard hisses angrily.
The frilled lizard closely misses you.
You hit the frilled lizard.
You kill the frilled lizard!
No target in view!
No target in view!
No target in view!
You feel Trog's fiery rage upon you!
You are blasted with searing flames!
The searing flames burn away your fire resistance!
Ouch! That really hurt!
You die...

#..## ##.#.#.##.##.# #...###.###
..#.###.##.#.##.##.# ###....##
.###.#.###.........# #..### ##
##.## ##.##...### ##.#
.###.#.###.###...# #.# ##
#.#.#.#.#.## #...# #.# #.
##.#.<.#.#####...##### #.# #.
#.#.#.#.#.##.........#####รท#####.
.###.#.###.#....@.......##.......
## ##.## ##..........##.......##.
####.#.## ####...######)##..#)##.
#.#.###.## ###...## #.##....##.
#..#####.# #......# #.##....###
##.###...# #.#....# #.##....#
......#### #.##.#.# #.....#.#
#####.# #....#.# #...)...###
..###.# #.####.# ##.......##


There were no monsters in sight!

Vanquished Creatures
  A dart slug (D:1)
  2 leopard geckos (D:1)
  A giant cockroach (D:1)
  4 goblins (D:1)
  5 hobgoblins (D:1)
  A kobold (D:1)
  2 bats (D:1)
  2 frilled lizards (D:1)
  2 rats (D:1)
20 creatures vanquished.

Notes
Turn   | Place    | Note
-------+----------+-------------------------------------------
     0 | D:1      | suvakkihuora the Spriggan Berserker began the quest for the Orb.
     0 | D:1      | Reached XP level 1. HP: 11/11 MP: 2/2
     0 | D:1      | Fell from the grace of Trog
    56 | D:1      | Reached XP level 2. HP: 8/16 MP: 3/3
   632 | D:1      | Reached skill level 5 in Dodging
   910 | D:1      | Killed by the fiery rage of Trog

Vault maps used:
D:1:      minmay_arrival_diagonal_passages

Skill      XL: |  1  2 |
---------------+-------+-----
Dodging        | 5 |  5.0
Fighting       | |  2.7
Short Blades   | |  3.8

Action                   || total
-------------------------++-------
Melee: Short sword       ||    36
       Dagger            ||    73
Invok: Renounce Religion ||     1
  Use: Scroll            ||     4
 Stab: Sleeping          ||     1
Armor: Animal skin       ||    12
Dodge: Dodged            ||    72

Table legend:
 A = Spawn XP
 B = Non-spawn XP
 C = Spawn XP percentage of total XP
 D = Spawn monster count
 E = Non-spawn monster count
 F = Spawn count percentage of total count
 G = Total turns spent on level
                    A         B        C        D         E        F      G
               +---------+---------+-------+---------+---------+-------+---------
         Total |       0 |      39 |   0.0 |       0 |      20 |   0.0 |   910
               +---------+---------+-------+---------+---------+-------+---------
           D:1 |       0 |      39 |   0.0 |       0 |      20 |   0.0 |   910
               +---------+---------+-------+---------+---------+-------+---------
